 Dungeon Crawl Stone Soup version 0.28-a0-794-gafe8c5f9e9 (webtiles) character file.

Game seed: 15943234647995776654

7342 gimp the Thaumaturge (level 10, -10/65 HPs)
             Began as a Demonspawn Fire Elementalist on Nov 5, 2021.
             Was a Believer of Sif Muna.
             Mangled by a white draconian (15 damage)
             ... in an ice cave.
             The game lasted 00:30:45 (14761 turns).

gimp the Thaumaturge (DsFE)                        Turns: 14761, Time: 00:30:46

Health: -10/65     AC:  6    Str:  9    XL:     10   Next: 91%
Magic:  14/32      EV: 11    Int: 19    God:    Sif Muna [**....]
Gold:   658        SH:  5    Dex: 14    Spells: 18/28 levels left

rFire   . . .      SeeInvis .   a - staff of conjuration
rCold   + . .      Faith    .   (no shield)
rNeg    . . .      Spirit   .   h - +2 leather armour {rC+}
rPois   .          Reflect  +   z - +0 helmet
rElec   .          Harm     .   (no cloak)
rCorr   .          Rampage  .   (no gloves)
Will    .....                   (boots unavailable)
Stlth   ++........              k - amulet of reflection
HPRegen 0.20/turn               (no ring)
MPRegen 0.23/turn               C - ring of magical power

@: no status effects
A: hooves 3
a: Renounce Religion, Channel Magic


You were in an ice cave.
You worshipped Sif Muna.
Sif Muna was pleased with you.
You visited 3 branches of the dungeon, and saw 11 of its levels.
You also visited: Ice Cave.

You collected 658 gold pieces.

Inventory:

Hand Weapons
 b - a +1 dagger
Missiles
 f - 38 poisoned darts
Armour
 h - a +2 leather armour of cold resistance (worn)
 z - a +0 helmet (worn)
Magical Staves
 a - a staff of conjuration (weapon)
 c - a staff of cold
 d - a staff of fire
Jewellery
 k - an amulet of reflection (around neck)
 u - a ring of fire
 C - a ring of magical power (right hand)
Wands
 y - a wand of polymorph (5)
Scrolls
 g - a scroll of magic mapping
 j - a scroll of holy word
 m - a scroll of fear
 n - a scroll of vulnerability
 q - a scroll of enchant weapon
 s - a scroll of torment
 v - a scroll of immolation
 w - 5 scrolls of teleportation
 x - a scroll of brand weapon
 A - a scroll of amnesia {unknown}
Potions
 e - a potion of magic {unknown}
 i - 2 potions of berserk rage {unknown}
 l - 3 potions of flight {unknown}
 o - 2 potions of brilliance {unknown}
 p - 3 potions of curing {unknown}
 B - 2 potions of haste {unknown}
 D - a potion of lignification {unknown}


   Skills:
 - Level 1.0 Fighting
 - Level 6.0 Throwing
 - Level 1.0 Armour
 - Level 1.8 Dodging
 - Level 1.7 Stealth
 + Level 9.7 Spellcasting
 - Level 7.0 Conjurations
 - Level 7.0 Fire Magic
 + Level 7.3 Invocations


You had 18 spell levels left.
You knew the following spells:

 Your Spells              Type           Power      Damage    Failure   Level
a - Foxfire               Conj/Fire      100%       2x1d9     1%          1
b - Scorch                Fire           70%        2d9       1%          2
c - Flame Wave            Conj/Fire      52%        3d10      6%          4
d - Conjure Flame         Conj/Fire      52%        6-21      1%          3

Your spell library contained the following spells:

 Spells                   Type           Power      Damage    Failure   Level
 Inner Flame              Hex/Fire       22%        N/A       8%          3
 Ensorcelled Hibernation  Hex/Ice        18%        N/A       16%         2
 Spider Form              Tmut/Pois      9%         N/A       30%         3


Dungeon Overview and Level Annotations

Branches:
Dungeon (9/15)             Temple (1/1) D:6            Lair (1/6) D:8
  IceCv (1/1)
    Orc: D:9-12

Altars:
Ashenzari
Cheibriados
Dithmenos
Elyvilon
Fedhas
Gozag
Hepliaklqana
Kikubaaqudgha
Makhleb
Nemelex Xobeh
Okawaru
Qazlal
Ru
Sif Muna
Trog
Uskayaw
Vehumet
Wu Jian
Xom
Yredelemnul
Zin
The Shining One
Jiyva

Shops:
D:5 *   D:7 (

Annotations:
D:6 2 transporters, OstrichLN's ghost, amateur FeFE


Innate Abilities, Weirdness & Mutations

You have hooves in place of feet.


Message History

The flame wave engulfs the white draconian!
The white draconian is heavily wounded.
You finish channelling waves of flame.
The ice encasing you melts away.
The white draconian breathes frost at you.
The blast of cold hits you! You resist.
You take 11 damage, and have 28/65 hp.
You now have 21/32 mp.
Casting: Flame Wave (dangerous; 6% risk of failure)
Confirm with . or Enter, or press ? or * to list all spells.
Okay, then.
Casting: Flame Wave (dangerous; 6% risk of failure)
Confirm with . or Enter, or press ? or * to list all spells.
Flames lash the white draconian.
The white draconian is heavily wounded.
The white draconian's fire resistance burns away.
You block the white draconian's attack.
You now have 20/32 mp.
Casting: Scorch (safe; 1% risk of failure)
Confirm with . or Enter, or press ? or * to list all spells.
Flames lash the white draconian.
The white draconian is burned terribly!
The white draconian is severely wounded.
The white draconian hits you from afar with a +0 glaive!
* * * LOW HITPOINT WARNING * * *
You take 14 damage, and have 14/65 hp.
MASSIVE DAMAGE!!
You now have 18/32 mp.
Casting: Scorch (safe; 1% risk of failure)
Confirm with . or Enter, or press ? or * to list all spells.
Flames lash the white draconian.
The white draconian is burned terribly!
The white draconian is severely wounded.
The white draconian is no longer more vulnerable to fire.
The white draconian breathes frost at you.
The blast of cold hits you! You resist.
* * * LOW HITPOINT WARNING * * *
You take 9 damage, and have 5/65 hp.
You now have 16/32 mp.
Casting: Scorch (safe; 1% risk of failure)
Confirm with . or Enter, or press ? or * to list all spells.
Flames lash the white draconian.
The white draconian is almost dead.
The white draconian's fire resistance burns away.
The white draconian hits you from afar with a +0 glaive!
You die...

##.#...## ##.##
#. #...#..#
#.#.# #.
#..##.## ##.##
#. ##.#..# ##..#
## ###.### #..##
# #...## ##..#
###d.## ##.##
##†.## #..###
##@.# ##.#.#
#..# ##..###
#..# #.....#
##.# ##.....##
#.## #.......##
#..# ##........#
##.###........##
#..##.........##
##..............


You could see a white draconian (catching breath, combustible).

Vanquished Creatures
  A two-headed ogre (D:8)
  A black mamba (Lair:1)
  2 ice statues (IceCv)
  2 komodo dragons
  6 rime drakes
  A wyvern (D:9)
  2 steam dragons (D:7)
  2 water moccasins
  A hornet zombie (D:5)
  2 black bears
  A sky beast (D:6)
  An ogre (D:4)
  5 centaurs
  A kobold brigand (D:9)
  A bullfrog (D:8)
  A wyvern zombie (D:6)
  A scorpion (D:5)
  A water moccasin skeleton (D:4)
  A wyvern skeleton (D:7)
  2 lindwurm simulacra (IceCv)
  13 wights
  5 howler monkeys
  5 komodo dragon simulacra (IceCv)
  A bullfrog zombie (D:5)
  2 hounds (D:4)
  2 centaur zombies
  5 jellies
  An orc priest (D:5)
  2 centaur skeletons
  A scorpion zombie (D:5)
  6 iguanas
  5 orc wizards
  Ijyb (D:3)
  A hound zombie (D:5)
  A howler monkey zombie (D:5)
  3 gnolls (D:6)
  A howler monkey skeleton (D:7)
  6 acid dragon simulacra (IceCv)
  4 adders
  3 shadow imps
  8 steam dragon simulacra (IceCv)
  An adder zombie (D:5)
  3 worms
  2 dart slugs (D:1)
  21 orcs
  3 ball pythons
  4 bats
  An endoplasm (D:3)
  4 giant cockroaches
  9 goblins
  8 hobgoblins
  2 jackals (D:5)
  A quokka (D:2)
  3 frilled lizards
  15 kobolds
  5 rats
193 creatures vanquished.

Vanquished Creatures (others)
  329 foxfires
  A fungus (Lair:1)
  8 plants
338 creatures vanquished.

Grand Total: 531 creatures vanquished

Notes
Turn   | Place    | Note
-------+----------+-------------------------------------------
     0 | D:1      | gimp the Demonspawn Fire Elementalist began the quest for
                  | the Orb.
     0 | D:1      | Reached XP level 1. HP: 13/13 MP: 3/3
   326 | D:1      | Gained mutation: You have large cloven feet. [demonic
                  | ancestry]
   326 | D:1      | Reached XP level 2. HP: 19/19 MP: 1/5
   499 | D:1      | Learned a level 2 spell: Scorch
   987 | D:1      | Reached XP level 3. HP: 13/24 MP: 2/6
  1537 | D:2      | Found a faded altar of an unknown god.
  2352 | D:3      | Noticed Ijyb
  3084 | D:3      | Paralysed by Ijyb for 3 turns
  3092 | D:3      | Paralysed by Ijyb for 7 turns
  3101 | D:3      | Paralysed by Ijyb for 2 turns
  3113 | D:3      | Killed Ijyb
  3114 | D:3      | Reached skill level 1 in Armour
  3114 | D:3      | Reached XP level 4. HP: 10/30 MP: 2/7
  3656 | D:4      | Reached XP level 5. HP: 22/35 MP: 1/9
  3977 | D:4      | Reached skill level 3 in Spellcasting
  4359 | D:4      | Noticed an ogre
  4537 | D:4      | Killed an ogre
  4538 | D:4      | Gained mutation: You have hoof-like feet. [demonic
                  | ancestry]
  4538 | D:4      | Reached XP level 6. HP: 24/41 MP: 3/11
  4795 | D:5      | Entered Level 5 of the Dungeon
  5445 | D:5      | Reached skill level 5 in Conjurations
  5633 | D:5      | Reached skill level 4 in Spellcasting
  5633 | D:5      | Reached XP level 7. HP: 46/46 MP: 3/13
  5827 | D:5      | Identified a scroll of acquirement
  5831 | D:5      | Acquired a staff of conjuration
  5845 | D:5      | Found Poreiff's Assorted Antiques.
  6090 | D:5      | Found a basalt altar of Yredelemnul.
  6134 | D:5      | Reached skill level 5 in Spellcasting
  6134 | D:5      | Reached skill level 5 in Fire Magic
  6139 | D:5      | Learned a level 4 spell: Flame Wave
  6653 | D:6      | Reached skill level 6 in Spellcasting
  6653 | D:6      | Reached XP level 8. HP: 52/52 MP: 10/17
  6974 | D:6      | Found a transporter.
  7066 | D:6      | Reached skill level 1 in Fighting
  7326 | D:6      | Found a staircase to the Ecumenical Temple.
  7359 | Temple   | Entered the Ecumenical Temple
  7556 | Temple   | Became a worshipper of Sif Muna the Loreminder
  7767 | D:6      | Found a transporter.
  7767 | D:6      | Noticed a manticore
  7770 | D:6      | Noticed OstrichLN's ghost (amateur FeFE)
  8687 | D:7      | Gained mutation: You have hooves in place of feet. [demonic
                  | ancestry]
  8687 | D:7      | Reached XP level 9. HP: 59/59 MP: 9/18
  9163 | D:7      | Found Ymurpheh's Antique Weapon Shop.
  9192 | D:7      | Reached skill level 1 in Throwing
  9194 | D:7      | Reached * piety under Sif Muna
 10098 | D:8      | Identified the +10 war axe "Fenoyno" {vorpal, Str+6}
 10451 | D:8      | Noticed a two-headed ogre
 10457 | D:8      | Learned a level 3 spell: Conjure Flame
 10713 | D:8      | Found a staircase to the Lair.
 10714 | D:8      | Noticed a komodo dragon
 10802 | D:8      | Reached skill level 7 in Spellcasting
 10849 | D:8      | Killed a komodo dragon
 11099 | D:8      | Killed a two-headed ogre
 11327 | D:8      | Reached skill level 5 in Throwing
 11327 | D:8      | Reached skill level 8 in Spellcasting
 11993 | D:9      | Reached XP level 10. HP: 65/65 MP: 15/22
 12336 | D:9      | Found a viscous altar of Jiyva.
 12349 | D:9      | Reached skill level 1 in Invocations
 12654 | Lair:1   | Entered Level 1 of the Lair of Beasts
 12675 | Lair:1   | Noticed a black mamba
 12682 | Lair:1   | Killed a black mamba
 12858 | Lair:1   | Found a frozen archway.
 13079 | IceCv    | Entered an ice cave
 13183 | IceCv    | Reached ** piety under Sif Muna
 13236 | IceCv    | Reached skill level 5 in Invocations
 13237 | IceCv    | Reached skill level 9 in Spellcasting
 13387 | IceCv    | Noticed an ice statue
 13455 | IceCv    | Noticed an ice statue
 13950 | IceCv    | Killed an ice statue
 14386 | IceCv    | Killed an ice statue
 14558 | IceCv    | Noticed a white draconian
 14761 | IceCv    | Mangled by a white draconian

Illustrated notes

Levels and vault maps discovered:
D:1:      wander_arrival_abandoned_jail, layout_basic
D:2:      layout_rooms, dreamdust_ecumenical_altar_statues, grunt_ministairs_3
D:3:      layout_loops_ring, uniq_ijyb
D:4:      layout_loops_cross
D:5:      layout_basic, nicolae_yredelemnul_corpse_copse, serial_shops,
          nicolae_shop_crystal, amcnicky_mini_corridor_feature
D:6:      layout_loops_ring, minmay_temple_entry_metal_lava,
          gammafunk_ghost_arena, lightli_orcish_oven
D:7:      layout_layer_cave, serial_shops, shop, grunt_ministairs_8,
          hangedman_decor_clover_reticule
D:8:      layout_basic, david_lair_shrubbed, minmay_misc_feat_room,
          minmay_misc_feat_square
D:9:      layout_basic, grunt_ministairs_10, jiyva_altar_1
Temple:   minmay_crystal_snake_temple
Lair:1:   layout_loops_ring, portal_ice_cave_rime, nicolae_quartered_pool_little
IceCv:    ice_cave_small_dragons

Skill      XL: |  1  2  3  4  5  6  7  8  9 10 |
---------------+-------------------------------+-----
Conjurations   | 2 3 4 5 7 |  7.0
Fire Magic     | 3 4 5 6 7 |  7.0
Armour         | 1 |  1.0
Spellcasting   | 3 4 6 8 9 |  9.7
Fighting       | 1 |  1.0
Throwing       | 5 6 |  6.0
Invocations    | 7 |  7.3
Dodging        | |  1.8
Stealth        | |  1.7

Action                   |  1- 3 |  4- 6 |  7- 9 | 10-12 || total
-------------------------+-------+-------+-------+-------++-------
Melee: Dagger            |    62 |    41 |       |       ||   103
       Kick              |    12 |    12 |       |       ||    24
       Staff             |       |       |     1 |       ||     1
Throw: Dart              |     8 |     3 |       |       ||    11
 Cast: Foxfire           |    75 |    87 |    31 |     2 ||   195
       Scorch            |     2 |    14 |   153 |    63 ||   232
       Conjure Flame     |       |       |     2 |     2 ||     4
       Flame Wave        |       |       |       |    20 ||    20
  Use: Potion            |     1 |     2 |       |     2 ||     5
       Scroll            |       |       |    13 |     5 ||    18
Armor: Leather armour    |    28 |    22 |    34 |     4 ||    88
Dodge: Dodged            |    31 |    39 |    63 |    31 ||   164
Block: Other             |     7 |    16 |    36 |     7 ||    66
       Reflection        |       |       |     4 |       ||     4

Table legend: (Time is in decaauts)
 A = Elapsed time spent in this place.
 B = Non-inter-level travel time spent in this place.
 C = Inter-level travel time spent in this place.
 D = Time resting spent in this place.
 E = Time spent auto-exploring this place.
 F = Levels seen in this place.
 G = Mean time per level.
                   A        B        C        D        E       F      G
               +--------+--------+--------+--------+--------+-----+--------+
         Total |  14770 |  14299 |    471 |   2205 |  10197 |  12 | 1230.8 |
       Dungeon |  12448 |  12032 |    416 |   1212 |   9244 |   9 | 1383.1 |
        Temple |    214 |    175 |     39 |      0 |    155 |   1 |  214.0 |
          Lair |    424 |    408 |     16 |    344 |      9 |   1 |  424.0 |
      Ice Cave |   1682 |   1682 |      0 |    649 |    789 |   1 | 1682.0 |
               +--------+--------+--------+--------+--------+-----+--------+

Top non-repeatable levels by time:
     D:8: 2114 daAuts
     D:7: 1840 daAuts
   IceCv: 1682 daAuts
     D:3: 1656 daAuts
     D:4: 1490 daAuts
     D:1: 1474 daAuts
     D:6: 1474 daAuts
     D:5: 1362 daAuts
     D:2: 640 daAuts
  Lair:1: 424 daAuts
     D:9: 394 daAuts
  Temple: 214 daAuts
